 Dungeon Crawl Stone Soup version 0.31-a0-219-g8d62b2e7bb (webtiles) character file.

Game seed: 12259690855463533540

44 horus123 the Magician (level 3, -1/19 HPs)
             Began as a Deep Elf Air Elementalist on July 3, 2023.
             Slain by a goblin
             ... wielding a +0 dagger
             ... led by Robin
              (3 damage)
             ... on level 2 of the Dungeon.
             The game lasted 00:03:19 (1474 turns).

horus123 the Magician (Deep Elf Air Elementalist)   Turns: 1474, Time: 00:03:22

Health: -1/19      AC:  2    Str:  5    XL:     3   Next: 41%
Magic:  5/11       EV: 12    Int: 21    God:
Gold:   34         SH:  0    Dex: 15    Spells: 8/12 levels left

rFire   . . .        e - +0 short sword (freeze)
rCold   . . .        (no shield)
rNeg    . . .        a - +0 robe
rPois   .            (no helmet)
rElec   .            (no cloak)
rCorr   .            (no gloves)
SInv    .            (no boots)
Will    .....        (no amulet)
Stlth   ++           (no ring)
HPRegen 0.23/turn    (no ring)
MPRegen 0.12/turn

%: no passive effects
@: very slightly contaminated
A: no striking features
a: no special abilities


You were on level 2 of the Dungeon.
You visited 1 branch of the dungeon, and saw 2 of its levels.

You collected 34 gold pieces.

Inventory:

Hand Weapons
 e - a +0 short sword of freezing (weapon)
Missiles
 f - 2 datura-tipped darts
 k - 7 stones
Armour
 a - a +0 robe (worn)
Jewellery
 c - a ring of fire
Scrolls
 d - 4 scrolls of identify {unknown}
 g - a scroll of fear {unknown}
 h - a scroll of enchant weapon {unknown}
Potions
 i - 2 potions of enlightenment {unknown}
 j - 2 potions of curing
 l - a potion of berserk rage {unknown}


   Skills:
 - Level 2.4 Dodging
 - Level 2.4 Stealth
 - Level 5.0 Spellcasting
 - Level 1.1 Conjurations
 + Level 3.3 Air Magic


You had 8 spell levels left.
You knew the following spells:

 Your Spells              Type           Power      Damage    Failure   Level
a - Shock                 Conj/Air       56%        1d6       4%          1
b - Vhi's Electric Charg  Tloc/Air       24%        N/A       17%         3

Your spell library contained the following spells:

 Spells                   Type           Power      Damage    Failure   Level
 Static Discharge         Conj/Air       28%        2-4/arc   7%          2
 Swiftness                Air            19%        N/A       9%          3
 Airstrike                Air            9%         2d(2-18)  26%         4
 Arcjolt                  Conj/Air       7%         1d17      77%         5
 Plasma Beam              Fire/Air       6%         2x1d16    100%        6


Dungeon Overview and Level Annotations

Branches:
Dungeon (2/15)

Altars:

Annotations:
D:2 Robin


Message History

The goblin is severely wounded.
You hear a shout!
A goblin comes into view. It is wielding a +0 dagger.
The zap hits Robin.
Robin is heavily wounded.
The zap hits the goblin.
You kill the goblin!
The zap hits the goblin.
The goblin is moderately wounded.
Robin closely misses you.
You miscast Shock.
You are very lightly contaminated with residual magic.
Nothing appears to happen.
Robin hits you from afar with a +0 trident.
Magic courses through your body.
A hobgoblin comes into view. It is wielding a +0 mace.
Robin hits you from afar with a +0 trident.
* * * LOW HITPOINT WARNING * * *
Casting: Shock (safe; 4% risk of failure)
Confirm with . or Enter, or press ? or * to list all spells.
You don't know that spell.
Casting: Shock (safe; 4% risk of failure)
Confirm with . or Enter, or press ? or * to list all spells.
The spell is extremely dangerous to miscast (17% risk of failure)!
Continue anyway?
Charge where?
Press: ? - help, Dir - move target, f - goblin, p - Robin
Aim: a goblin, wielding a +0 dagger (moderately wounded, strong, 71% to hit)
You miscast Vhi's Electric Charge.
Nothing appears to happen.
Robin throws the goblin at you!
* * * LOW HITPOINT WARNING * * *
Casting: Vhi's Electric Charge (extremely dangerous; 17% risk of failure)
Confirm with . or Enter, or press ? or * to list all spells.
The spell is extremely dangerous to miscast (17% risk of failure)!
Continue anyway?
Charge where?
Press: ? - help, Dir - move target, f - Robin, p - goblin
Aim: Robin, wielding a +0 trident, wearing a +0 animal skin and wearing a +0 helmet (heavily wounded, 86% to hit)
You miscast Vhi's Electric Charge.
Nothing appears to happen.
The hobgoblin no longer looks unusually strong.
The goblin hits you with a +0 dagger.
You die...

.........##..# #.
#..........#...# ##.
.##........#.#.#.# ...
............#.#.# #.# #######
#............#>##..#
.......####.............#..#
#....#......#........###
......###........##.........#
####....g.)†g)@.........##..##.
.)#.....#....g........).....(
>...#...................#.####
.... #####....................#
. #......)..[........###
#.....................
.#................#####
.########..............
.............###


You could see Robin, a hobgoblin and a goblin (strong).

Vanquished Creatures
  2 dart slugs (D:1)
  2 ball pythons (D:1)
  4 bats
  6 endoplasms (D:1)
  A giant cockroach (D:1)
  6 hobgoblins
  A quokka (D:1)
  3 frilled lizards (D:1)
  7 goblins
  2 kobolds
  3 rats
37 creatures vanquished.

Notes
Turn   | Place    | Note
-------+----------+-------------------------------------------
     0 | D:1      | horus123 the Deep Elf Air Elementalist began the quest for
                  | the Orb.
     0 | D:1      | Reached XP level 1. HP: 10/10 MP: 6/6
   148 | D:1      | Reached skill level 4 in Spellcasting
   148 | D:1      | Reached XP level 2. HP: 15/15 MP: 2/9
   887 | D:1      | Reached XP level 3. HP: 18/19 MP: 6/11
  1030 | D:1      | Reached skill level 5 in Spellcasting
  1034 | D:1      | Learned a level 3 spell: Vhi's Electric Charge
  1451 | D:2      | Noticed Robin
  1474 | D:2      | Slain by a goblin

Illustrated notes

Levels and vault maps discovered:
D:1:      lemuel_arrival_cross, layout_rooms, serial_aquarium,
          aquarium_bridge_long_separate [aquarium_subvault_bridge,
          aquarium_subvault_bridge, aquarium_subvault_bridge,
          aquarium_subvault_bridge, aquarium_subvault_wall,
          aquarium_subvault_wall], aquarium_window_1, aquarium_window_2,
          aquarium_window_fake, aquarium_view_2b, aquarium_pool_2,
          chequers_serial_rivers_micro_c
D:2:      layout_rooms, serial_co_window_serial, co_window_paths_b,
          co_window_corner_a, co_window_corner_a, co_window_paths_b,
          co_window_paths_b, co_window_cross_1, co_window_paths_a,
          co_window_corner_cb, co_window_2corner, co_window_broadway_b,
          co_window_2corner, co_window_of_opportunity_b, co_window_4corner_a,
          uniq_jessica, uniq_terence, uniq_robin

Skill      XL: |  1  2  3 |
---------------+----------+-----
Spellcasting   | 4 5 |  5.0
Dodging        | |  2.4
Stealth        | |  2.4
Conjurations   | |  1.1
Air Magic      | |  3.3

Action                     || total
---------------------------++-------
   Cast: Shock             ||    80
    Use: Potion            ||     1
 Armour: Robe              ||     3
  Dodge: Dodged            ||    10

Table legend: (Time is in decaauts)
 A = Elapsed time spent in this place.
 B = Non-inter-level travel time spent in this place.
 C = Inter-level travel time spent in this place.
 D = Time resting spent in this place.
 E = Time spent auto-exploring this place.
 F = Levels seen in this place.
 G = Mean time per level.
                   A        B        C        D        E       F      G
               +--------+--------+--------+--------+--------+-----+--------+
         Total |   1473 |   1440 |     33 |    246 |    972 |   2 |  736.5 |
       Dungeon |   1473 |   1440 |     33 |    246 |    972 |   2 |  736.5 |
               +--------+--------+--------+--------+--------+-----+--------+

Top non-repeatable levels by time:
     D:1: 1155 daAuts
     D:2: 318 daAuts
